 Dungeon Crawl Stone Soup version 0.28-a0-79-g444c7a33f5 (webtiles) character file.

Game seed: 11965240871593017931

9718 robertstho the Thaumaturge (level 11, -22/71 HPs)
             Began as a Djinni Fire Elementalist on Aug 3, 2021.
             Was an Initiate of Gozag.
             Annihilated by a komodo dragon (27 damage)
             ... on level 1 of the Lair of Beasts.
             The game lasted 00:22:04 (13675 turns).

robertstho the Thaumaturge (DjFE)                  Turns: 13675, Time: 00:22:05

Health: -22/71     AC: 11    Str:  7    XL:     11   Next: 79%
Gold:   370        EV: 12    Int: 21    God:    Gozag SH: 10 Dex: 13

rFire   + + +      SeeInvis .   D - +9 double sword of Rotation {spect, Fragile Will++}
rCold   . . .      Faith    .   y - +2 kite shield
rNeg    . . .      Spirit   .   m - +1 robe {rC+}
rPois   ∞          Reflect  .   t - +1 helmet
rElec   .          Harm     .   i - +2 cloak {Stlth+}
rCorr   .          Rampage  .   g - +0 pair of gloves
Will    ++++.                   (boots unavailable)
Stlth   ++++......              (no amulet)
HPRegen 0.21/turn               e - ring of willpower
MPRegen 0.00/turn               w - ring of wizardry

@: gold aura, flying, invisible
A: sickness immunity, fire resistance 3, cold vulnerability 1, float, innate
caster, hp casting, extra vitality 1, iridescent scales 1, evolution 1, subdued
magic 1
a: Renounce Religion, Potion Petition, Call Merchant, Bribe Branch


You were on level 1 of the Lair of Beasts.
You worshipped Gozag.
Gozag was aware of your devotion.
You visited 3 branches of the dungeon, and saw 13 of its levels.

You collected 1643 gold pieces.
You spent 460 gold pieces at shops.
You paid 813 gold pieces to Gozag.

Inventory:

Hand Weapons
 s - a +0 short sword
 v - a +0 dagger of draining
 B - a +1 dagger of venom
 D - the +9 double sword of Rotation (weapon) {spect, Fragile Will++}
   (You bought it in a shop on level 9 of the Dungeon)

   When its wielder attacks, the weapon's spirit leaps out and strikes again.
   The spirit shares a part of any damage it takes with its wielder.
   Fragile:   It will be destroyed if unequipped.
   Will:      It greatly increases your willpower.
Missiles
 a - a throwing net
Armour
 g - a +0 pair of gloves (worn)
 i - a +2 cloak of stealth (worn)
 m - a +1 robe of cold resistance (worn)
 t - a +1 helmet (worn)
 y - a +2 kite shield (worn)
Jewellery
 e - a ring of willpower (left hand)
 w - a ring of wizardry (right hand)
 C - a ring of ice
Wands
 b - a wand of flame (8)
 z - a wand of paralysis (13)
Scrolls
 c - a scroll of vulnerability {unknown}
 f - a scroll of silence {unknown}
 h - 5 scrolls of magic mapping
 j - 2 scrolls of noise {unknown}
 l - 5 scrolls of amnesia {unknown}
 n - 2 scrolls of blinking
 p - a scroll of summoning {unknown}
 q - 2 scrolls of enchant weapon
 u - a scroll of holy word
 A - 2 scrolls of fog
 E - 3 scrolls of teleportation
 G - 2 scrolls of identify
Potions
 d - 4 potions of mutation
 k - a potion of haste
 o - 4 potions of lignification
 r - 2 potions of invisibility
 F - a potion of attraction {unknown}


   Skills:
 + Level 3.0 Fighting
 + Level 2.8 Long Blades
 + Level 5.8 Dodging
 + Level 4.7 Stealth
 + Level 5.0 Shields
 + Level 11.5 Spellcasting


You had 4 spell levels left.
You knew the following spells:

 Your Spells              Type           Power      Damage    Failure   Level
a - Foxfire               Conj/Fire      100%       2x1d9     1%          1
b - Conjure Flame         Conj/Fire      46%        6-21      1%          3
c - Inner Flame           Hex/Fire       46%        N/A       1%          3
d - Sticky Flame          Conj/Fire      46%        2d6       1%          4
e - Fireball              Conj/Fire      23%        3d11      1%          5
f - Sting                 Tmut/Pois      100%       1d8       1%          1
g - Corpse Rot            Necr/Air       N/A        N/A       1%          2
h - Vampiric Draining     Necr           23%        2d9       1%          3
i - Call Canine Familiar  Summ           46%        N/A       1%          3
j - Airstrike             Air            23%        N/A       1%          4
Your spell library was empty.

Dungeon Overview and Level Annotations

Branches:
Dungeon (11/15)            Temple (1/1) D:5            Lair (1/6) D:10
    Orc (0/2) D:9

Altars:
Ashenzari
Cheibriados
Dithmenos
Elyvilon
Fedhas
Gozag
Hepliaklqana
Kikubaaqudgha
Makhleb
Nemelex Xobeh
Okawaru
Qazlal
Ru
Sif Muna
Trog
Uskayaw
Vehumet
Wu Jian
Xom
Yredelemnul
Zin
The Shining One

Shops:
D:9 (


Innate Abilities, Weirdness & Mutations

You are immune to sickness and miasma.
You are immune to poison.
Your flesh is almost immune to the effects of heat. (rF+++)
You are vulnerable to cold. (rC-)
You float through the air rather than walking.
You learn spells naturally, not from books.
Your magical power is your life essence.
You have superior vitality. (+4 HP)
You are partially covered in iridescent scales. (AC +2)
You evolve.
Your spells are a little easier to cast, but a little less powerful.


Message History

Casting: Sticky Flame (mildly dangerous; 1% risk of failure)
Confirm with . or Enter, or press ? or * to list all spells.
* * * LOW HITPOINT WARNING * * *
The komodo dragon closely misses your wolf.
Unknown command.
What are your orders? t - Shout!
Orders for allies: a - Attack new target. r - Retreat! s - Stop attacking. g - Guard the area. f - Follow me.
Anything else - Cancel.
Gang up on whom?
Press: ? - help, Dir - move target, f - komodo dragon
Aim: a komodo dragon (lightly wounded) Attack!
Your wolf bites the komodo dragon.
Your wolf barely misses the komodo dragon.
The komodo dragon bites your wolf.
Unknown command.
Your wolf bites the komodo dragon but does no damage.
The komodo dragon bites your wolf!!
Your wolf dies!
Your wolf's corpse disappears in a puff of smoke!
Casting: Call Canine Familiar (safe; 1% risk of failure)
Confirm with . or Enter, or press ? or * to list all spells.
Aiming: Fireball (dangerous; 1% risk of failure)
Press: ? - help, Shift-Dir - straight line, f/p - komodo dragon
Aim: a komodo dragon (blue smoke, lightly wounded)
The fireball explodes!
The fireball engulfs the komodo dragon!
The komodo dragon is moderately wounded.
* * * LOW HITPOINT WARNING * * *
Unknown command.
Casting: Fireball (dangerous; 1% risk of failure)
Confirm with . or Enter, or press ? or * to list all spells.
You don't have enough health to cast this spell.
Unknown command.
It was a potion of invisibility.
You fade into invisibility!
The komodo dragon bites you!!
You die...
Your body crumbles into a pile of gold.

#.........$.....
##..$###...##..#
#..# ##!## .#
#.. ##.# . #.
#..# ##.# #.$#
##§#### ##.l@#
##........#
##....####
####.# ##


You could see a komodo dragon.

Vanquished Creatures
  A hydra (Lair:1)
  A two-headed ogre (D:10)
  A komodo dragon (D:11)
  Grinder (D:6)
  A hornet (D:10)
  11 yaks
  A vampire (D:10)
  A wraith (D:10)
  3 wyverns
  2 acid dragons
  2 wargs (D:9)
  Duvessa (D:6)
  3 water moccasins
  An ice beast (D:7)
  2 sky beasts
  3 necrophages
  6 orc warriors
  2 black bears
  An ogre (D:6)
  9 centaurs
  A kobold brigand (D:8)
  3 bullfrogs
  A gnoll sergeant (D:8)
  3 scorpions
  Dowan (D:6)
  A water moccasin skeleton (D:5)
  8 killer bees (D:8)
  7 wights (D:8)
  7 howler monkeys
  A centaur zombie (D:10)
  7 orc priests
  A bullfrog skeleton (D:6)
  3 hounds
  2 jellies
  10 orc wizards
  An iguana (D:5)
  2 killer bee zombies
  A hound zombie (D:5)
  3 gnolls (D:8)
  2 howler monkey skeletons
  4 adders
  3 white imps
  2 ufetubi
  An adder skeleton (D:4)
  A worm (D:3)
  2 dart slugs (D:2)
  31 orcs
  3 ball pythons
  8 endoplasms
  A giant cockroach (D:2)
  5 goblins
  6 hobgoblins
  7 quokkas
  5 bats
  2 frilled lizards
  2 kobolds
  6 rats
207 creatures vanquished.

Vanquished Creatures (collateral kills)
  An orc warrior (D:9)
  A killer bee (D:8)
  A gnoll (D:8)
  2 foxfires (D:9)
5 creatures vanquished.

Vanquished Creatures (others)
  999 foxfires
  5 fungi (D:10)
  7 plants (D:10)
1011 creatures vanquished.

Grand Total: 1223 creatures vanquished

Notes
Turn   | Place    | Note
-------+----------+-------------------------------------------
     0 | D:1      | robertstho the Djinni Fire Elementalist began the quest for
                  | the Orb.
     0 | D:1      | Reached XP level 1. HP: 15/15 MP: 0/0
   538 | D:1      | Reached XP level 2. HP: 18/21 MP: 0/0
  1345 | D:1      | Reached skill level 3 in Spellcasting
  1667 | D:2      | Reached XP level 3. HP: 22/25 MP: 0/0
  1667 | D:2      | Learned a level 1 spell: Sting
  2317 | D:2      | Found a faded altar of an unknown god.
  3073 | D:3      | Gained mutation: Your spells are a little easier to cast,
                  | but a little less powerful. [potion of mutation]
  3073 | D:3      | Gained mutation: You evolve. [potion of mutation]
  3078 | D:3      | Reached XP level 4. HP: 15/31 MP: 0/0
  4266 | D:4      | Reached XP level 5. HP: 33/35 MP: 0/0
  4266 | D:4      | Learned a level 2 spell: Corpse Rot
  4424 | D:4      | Reached skill level 4 in Spellcasting
  4892 | D:4      | Reached XP level 6. HP: 36/40 MP: 0/0
  4903 | D:4      | Identified a scroll of acquirement
  4907 | D:4      | Acquired a +2 cloak of stealth
  5045 | D:5      | Entered Level 5 of the Dungeon
  5077 | D:5      | Noticed a black bear
  5262 | D:5      | Killed a black bear
  5334 | D:5      | Noticed a necrophage
  5351 | D:5      | Reached skill level 5 in Spellcasting
  5351 | D:5      | Reached XP level 7. HP: 20/45 MP: 0/0
  5351 | D:5      | Learned a level 3 spell: Vampiric Draining
  6107 | D:5      | Found a staircase to the Ecumenical Temple.
  6149 | Temple   | Entered the Ecumenical Temple
  6211 | Temple   | Became a worshipper of Gozag Ym Sagoz the Greedy
  6668 | D:6      | Noticed Duvessa
  6672 | D:6      | Noticed Grinder
  6688 | D:6      | Killed Duvessa
  6689 | D:6      | Reached skill level 1 in Shields
  6689 | D:6      | Reached skill level 6 in Spellcasting
  6689 | D:6      | Reached XP level 8. HP: 24/51 MP: 0/0
  6750 | D:6      | Noticed Dowan
  6756 | D:6      | Killed Dowan
  6765 | D:6      | Killed Grinder
  7141 | D:6      | Reached skill level 1 in Fighting
  7172 | D:6      | Reached skill level 7 in Spellcasting
  7321 | D:6      | Reached XP level 9. HP: 44/57 MP: 0/0
  7321 | D:6      | Learned a level 3 spell: Call Canine Familiar
  7534 | D:7      | Gained mutation: You are partially covered in iridescent
                  | scales. (AC +2) [evolution]
  7588 | D:7      | Reached skill level 8 in Spellcasting
  8627 | D:8      | Reached skill level 9 in Spellcasting
  8627 | D:8      | Reached XP level 10. HP: 34/63 MP: 0/0
  9250 | D:8      | Found a white marble altar of Elyvilon.
  9516 | D:8      | Found a glowing golden altar of the Shining One.
  9800 | D:8      | Found a sparkling altar of Nemelex Xobeh.
  9992 | D:9      | Reached skill level 5 in Dodging
 10498 | D:9      | Reached skill level 10 in Spellcasting
 10878 | D:9      | Gained mutation: Your flesh is almost immune to the effects
                  | of heat. (rF+++) [evolution]
 10918 | D:9      | HP: 2/64 [orc warrior/stone (9)]
 11186 | D:9      | Found a staircase to the Orcish Mines.
 11318 | D:9      | Reached XP level 11. HP: 60/68 MP: 0/0
 11318 | D:9      | Learned a level 4 spell: Airstrike
 11848 | D:9      | Bought a fine double sword for 460 gold pieces
 11848 | D:9      | Identified the +9 double sword of Rotation {spect, Fragile
                  | Will++} (You bought it in a shop on level 9 of the Dungeon)
 11871 | D:10     | Entered Level 10 of the Dungeon
 12187 | D:10     | Reached skill level 11 in Spellcasting
 12375 | D:10     | Noticed a two-headed ogre
 12380 | D:10     | Reached skill level 1 in Long Blades
 12386 | D:10     | Killed a two-headed ogre
 12954 | D:10     | Found a staircase to the Lair.
 13324 | D:11     | Noticed a boulder beetle
 13652 | Lair:1   | Entered Level 1 of the Lair of Beasts
 13652 | Lair:1   | Noticed a seven-headed hydra
 13668 | Lair:1   | Killed an eight-headed hydra
 13669 | Lair:1   | Reached skill level 5 in Shields
 13675 | Lair:1   | Annihilated by a komodo dragon

Illustrated notes

Levels and vault maps discovered:
D:1:      sevenhm_arrival_forest_fort_large_4, layout_loops_corners
D:2:      layout_basic, ebering_ecumenical_altar_webs
D:3:      cheibrodos_old_hovel, layout_loops_cross
D:4:      layout_basic, eino_tiny_chamber
D:5:      layout_loops_cross, minmay_temple_entry_purple_smoke
D:6:      layout_basic, minmay_misc_feat_nine_boxes, uniq_grinder, uniq_duvessa
D:7:      layout_rooms
D:8:      layout_basic, lemuel_round_altar, small_statue_intersection,
          hangedman_feature_mirror
D:9:      layout_basic, david_orc_1_choice, hangedman_decor_slide_cut
D:10:     layout_loops_ring, grunt_lair_entry_orc_guard_hut
D:11:     layout_rooms
Temple:   grunt_wide_crystal_templ
Lair:1:   layout_layer_cave

Skill      XL: |  1  2  3  4  5  6  7  8  9 10 11 |
---------------+----------------------------------+-----
Spellcasting   | 3 4 5 6 7 9 10 11 | 11.5
Stealth        | 2 3 4 |  4.7
Dodging        | 3 4 5 |  5.8
Shields        | 1 2 3 4 5 |  5.0
Fighting       | 1 2 3 |  3.0
Long Blades    | 2 |  2.8

Action                   |  1- 3 |  4- 6 |  7- 9 | 10-12 || total
-------------------------+-------+-------+-------+-------++-------
Melee: Dagger            |       |       |    10 |     3 ||    13
       Double sword      |       |       |       |    12 ||    12
 Cast: Foxfire           |   102 |    93 |   213 |   182 ||   590
       Sting             |     2 |     7 |    18 |     6 ||    33
       Sticky Flame      |       |     1 |    15 |    19 ||    35
       Call Canine Famil |       |       |     1 |     5 ||     6
       Fireball          |       |       |       |    49 ||    49
Invok: Call Merchant     |       |       |       |     1 ||     1
  Use: Potion            |     3 |       |     7 |     4 ||    14
       Scroll            |       |     5 |     7 |     1 ||    13
 Stab: Sleeping          |       |       |       |     1 ||     1
Armor: Robe              |    15 |     2 |    25 |    21 ||    63
Dodge: Dodged            |    28 |     5 |    31 |    43 ||   107
Block: Kite shield       |       |     4 |    48 |    46 ||    98
       Rpst.: Double sword |       |       |       |     4 ||     4

Table legend: (Time is in decaauts)
 A = Elapsed time spent in this place.
 B = Non-inter-level travel time spent in this place.
 C = Inter-level travel time spent in this place.
 D = Time resting spent in this place.
 E = Time spent auto-exploring this place.
 F = Levels seen in this place.
 G = Mean time per level.
                   A        B        C        D        E       F      G
               +--------+--------+--------+--------+--------+-----+--------+
         Total |  13670 |  13304 |    366 |   1354 |  10280 |  13 | 1051.5 |
       Dungeon |  13572 |  13219 |    353 |   1354 |  10222 |  11 | 1233.8 |
        Temple |     75 |     62 |     13 |      0 |     58 |   1 |   75.0 |
          Lair |     22 |     22 |      0 |      0 |      0 |   1 |   22.0 |
               +--------+--------+--------+--------+--------+-----+--------+

Top non-repeatable levels by time:
     D:9: 1947 daAuts
     D:8: 1933 daAuts
     D:1: 1646 daAuts
     D:2: 1608 daAuts
     D:5: 1459 daAuts
    D:10: 1403 daAuts
     D:3: 1006 daAuts
     D:6: 848 daAuts
     D:7: 783 daAuts
     D:4: 783 daAuts
    D:11: 152 daAuts
  Temple: 75 daAuts
  Lair:1: 22 daAuts
